 Dungeon Crawl Stone Soup version 0.25-b1-41-g19641232cd (webtiles) character file.

Game seed: 1981312228700949249

5180 nikku the Fighter (level 10, 0/85 HPs)
             Began as a Demonspawn Berserker on June 8, 2020.
             Was an Elder of Trog.
             Slain by an ancient zyme (6 damage)
             ... on level 1 of the Abyss on June 9, 2020.
             The game lasted 00:46:22 (10614 turns).

nikku the Fighter (Demonspawn Berserker)           Turns: 10614, Time: 00:46:23

Health: 0/85       AC: 14    Str: 20    XL:     10   Next: 34%
Magic:  10/10      EV: 11    Int: 10    God:    Trog [****..]
Gold:   410        SH:  0    Dex: 23    Spells: 9/9 levels left

rFire    . . .     SeeInvis .   a - +1 hand axe
rCold    . . .     Gourm    .   (no shield)
rNeg     . . .     Faith    .   y - +1 scale mail of the Game of Kings {rCorr Dex+7}
rPois    .         Spirit   .   (no helmet)
rElec    .         Reflect  .   A - +1 cloak
rCorr    +         Harm     .   u - +0 pair of gloves
MR       .....                  n - +1 pair of boots
Stlth    ++........             s - amulet of the acrobat
HPRegen  0.24/turn              (no ring)
MPRegen  0.12/turn              (no ring)

@: berserk cooldown
A: talons 1, thin skeletal structure 2, rot immunity
a: Berserk, Trog's Hand, Brothers in Arms, Renounce Religion


You were on level 1 of the Abyss.
You worshipped Trog.
Trog was greatly pleased with you.
You were not hungry.

You visited 1 branch of the dungeon, and saw 10 of its levels.
You visited the Abyss 1 time.

You collected 410 gold pieces.

Inventory:

Hand Weapons
 a - a +1 hand axe (weapon)
Missiles
 j - 48 poisoned darts (quivered)
Armour
 e - a +0 plate armour
 n - a +1 pair of boots (worn)
 u - a +0 pair of gloves (worn)
 y - the +1 scale mail of the Game of Kings (worn) {rCorr Dex+7}
   (You found it on level 7 of the Dungeon)

   It affects your dexterity (+7).
   It provides partial protection from all sources of acid and corrosion.
 A - a +1 cloak (worn)
Jewellery
 s - an amulet of the acrobat (around neck)
 x - an uncursed ring of ice {unknown}
Wands
 b - a wand of digging (6)
 m - a wand of flame (18)
Scrolls
 h - a scroll of fear {unknown}
 k - 2 scrolls of blinking
 l - 3 scrolls of remove curse
 o - a scroll of magic mapping
 t - 2 scrolls of enchant weapon
 w - 5 scrolls of teleportation
Potions
 d - 2 potions of heal wounds
 f - 3 potions of stabbing
 g - 2 potions of mutation
 i - 2 potions of cancellation
 p - a potion of haste {unknown}
 q - a potion of degeneration {unknown}
 r - 2 potions of flight {unknown}
 v - 3 potions of curing
 z - 4 potions of might
Comestibles
 c - 7 rations


   Skills:
 * Level 10.0 Fighting
 * Level 9.7 Axes
 + Level 6.2 Armour
 - Level 1.7 Dodging
 - Level 0.1 Stealth


You had 9 spell levels left.
You didn't know any spells.
Your spell library was empty.

Dungeon Overview and Level Annotations

Branches:
Dungeon (10/15)            Temple (0/1) D:5
   Lair: D:8-11         Orc: D:9-12

Altars:
Ashenzari
Cheibriados
Elyvilon
Gozag
Hepliaklqana
Makhleb
Nemelex Xobeh
Qazlal
Sif Muna
Trog
Uskayaw
Vehumet
Yredelemnul
Zin
The Shining One

Shops:
D:4 =   D:6 (

Annotations:
D:4 1 runed translucent door, funkygono's ghost, amateur MiFi


Innate Abilities, Weirdness & Mutations

You have sharp toenails.
You have a moderately thin skeletal structure. (Dex +4, Stealth+)
You are immune to rotting.


Message History

You hit the ancient zyme.
The ancient zyme is lightly damaged.
The ancient zyme closely misses you. x2
You hit the ancient zyme but do no damage.
The ancient zyme is lightly damaged.
You feel yourself speed up. The ancient zyme barely misses you.
The ancient zyme completely misses you.
Your scale mail of the Game of Kings prevents you from hitting the ancient zyme.
The ancient zyme is lightly damaged.
The ancient zyme hits you but does no damage.
The ancient zyme hits you.
* * * LOW HITPOINT WARNING * * *
You hit the ancient zyme.
The ancient zyme is lightly damaged.
The ancient zyme hits you but does no damage.
The ancient zyme barely misses you.
You hit the ancient zyme.
The ancient zyme is lightly damaged.
The ancient zyme hits you.
You die...

.#.... . .....# ..
#..#. #.
...#####...#####.#
#.........#..... .
.#............#...
................#.
#..x@∩.....##
#..#########... #.
.. ##


You could see an ancient zyme.

Vanquished Creatures
  Erolcha (D:9)
  An ugly thing (D:9)
  A cyclops (D:7)
  A hippogriff (D:8)
  3 orc warriors
  3 sky beasts
  5 ogres
  3 phantoms
  A necrophage (D:7)
  3 centaurs
  Blork the orc (D:5)
  2 bullfrogs
  A wyvern zombie (D:8)
  2 scorpions
  5 howler monkeys
  A bullfrog zombie (D:7)
  5 crimson imps
  2 orc priests
  5 hounds
  A centaur skeleton (D:2)
  An iron imp (Abyss:1)
  5 jellies
  A bullfrog skeleton (D:7)
  4 iguanas
  Natasha (twice) (D:2)
  9 orc wizards
  4 worker ants
  2 hound skeletons
  A howler monkey zombie (D:8)
  3 gnolls (D:7)
  2 howler monkey skeletons
  7 adders
  4 shadow imps
  3 worms
  2 dart slugs
  5 leopard geckos
  16 orcs
  A ball python (D:2)
  4 bats
  6 giant cockroaches
  2 gnoll zombies (D:4)
  11 goblins
  5 hobgoblins
  17 jackals
  7 kobolds
  3 quokkas
  2 frilled lizards
  A jackal zombie (D:8)
  7 rats
  A butterfly (D:5)
185 creatures vanquished.

Vanquished Creatures (others)
  An orc wizard (D:5)
1 creature vanquished.

Grand Total: 186 creatures vanquished

Notes
Turn   | Place    | Note
-------+----------+-------------------------------------------
     0 | D:1      | nikku the Demonspawn Berserker began the quest for the Orb.
     0 | D:1      | Reached XP level 1. HP: 18/18 MP: 1/1
     0 | D:1      | Found a sparkling altar of Nemelex Xobeh.
   245 | D:1      | Gained mutation: You have sharp toenails. [demonic
                  | ancestry]
   245 | D:1      | Reached XP level 2. HP: 18/24 MP: 2/2
   803 | D:2      | Reached ** piety under Trog
   803 | D:2      | Gained mutation: You have a somewhat thin skeletal
                  | structure. (Dex +2, Stealth) [demonic ancestry]
   803 | D:2      | Reached XP level 3. HP: 10/29 MP: 3/3
  1167 | D:2      | Gained mutation: You are immune to rotting. [demonic
                  | ancestry]
  1167 | D:2      | Reached XP level 4. HP: 35/36 MP: 4/4
  1388 | D:2      | Noticed Natasha
  1396 | D:2      | Killed Natasha
  1538 | D:2      | Found a shattered altar of Ashenzari.
  1710 | D:2      | Noticed Natasha
  1717 | D:2      | Killed Natasha
  1717 | D:2      | Reached XP level 5. HP: 41/42 MP: 5/5
  2074 | D:3      | Found a glowing silver altar of Zin.
  2415 | D:3      | Reached skill level 4 in Fighting
  2606 | D:4      | Found a hazy altar of Hepliaklqana.
  2672 | D:4      | Found a radiant altar of Vehumet.
  2685 | D:4      | Found a runed translucent door.
  2687 | D:4      | Noticed funkygono's ghost (amateur MiFi)
  2697 | D:4      | Found a white marble altar of Elyvilon.
  2738 | D:4      | You fall into a shaft and drop 3 floors!
  2757 | D:6      | Noticed a phantom
  2776 | D:6      | Reached skill level 5 in Axes
  2805 | D:6      | Reached XP level 6. HP: 37/49 MP: 6/6
  3001 | D:6      | Reached skill level 5 in Fighting
  3013 | D:6      | Found a glowing golden altar of the Shining One.
  3059 | D:6      | Reached XP level 7. HP: 13/56 MP: 7/7
  3481 | D:5      | Entered Level 5 of the Dungeon
  3682 | D:4      | Found Lak Lymn's Jewellery Shoppe.
  4517 | D:4      | Found a basalt altar of Yredelemnul.
  4682 | D:5      | Noticed Blork the orc
  4693 | D:5      | Killed Blork the orc
  5152 | D:5      | Reached skill level 6 in Fighting
  5314 | D:5      | Found a bloodstained altar of Trog.
  5334 | D:5      | Reached *** piety under Trog
  5415 | D:5      | Reached XP level 8. HP: 53/64 MP: 8/8
  5512 | D:5      | Found a staircase to the Ecumenical Temple.
  6475 | D:6      | Reached skill level 7 in Fighting
  6532 | D:6      | Found Xad Gibb's Weapon Shoppe.
  7142 | D:7      | Found an opulent altar of Gozag.
  7171 | D:7      | Noticed a cyclops
  7202 | D:7      | Killed a cyclops
  7202 | D:7      | Reached skill level 8 in Fighting
  7202 | D:7      | Gained mutation: You have a moderately thin skeletal
                  | structure. (Dex +4, Stealth+) [demonic ancestry]
  7202 | D:7      | Reached XP level 9. HP: 29/74 MP: 9/9
  7453 | D:7      | Got an ancient scale mail
  7464 | D:7      | Identified the +1 scale mail of the Game of Kings {rCorr
                  | Dex+7} (You found it on level 7 of the Dungeon)
  7552 | D:7      | Found a shimmering blue altar of Sif Muna.
  7564 | D:7      | Found a sparkling altar of Nemelex Xobeh.
  7565 | D:7      | Found a snail-covered altar of Cheibriados.
  7566 | D:7      | Found a stormy altar of Qazlal.
  7566 | D:7      | Found a burning altar of Makhleb.
  7586 | D:7      | Reached skill level 5 in Armour
  8876 | D:8      | Reached **** piety under Trog
  9083 | D:8      | Reached skill level 9 in Fighting
  9246 | D:8      | You fall into a shaft and drop 1 floor!
 10062 | D:9      | Found a hide-covered altar of Uskayaw.
 10062 | D:9      | Noticed a +0 hand axe
 10062 | D:9      | Noticed a +0 dagger
 10069 | D:9      | Noticed Erolcha
 10088 | D:9      | Killed Erolcha
 10088 | D:9      | Reached XP level 10. HP: 84/84 MP: 10/10
 10233 | D:9      | Noticed a white ugly thing
 10251 | D:9      | Killed a white ugly thing
 10263 | D:10     | Entered Level 10 of the Dungeon
 10588 | D:9      | Reached skill level 10 in Fighting
 10592 | D:9      | Cast into level 1 of the Abyss (gnoll sergeant)
 10614 | Abyss:1  | Slain by an ancient zyme

Illustrated notes

Levels and vault maps discovered:
D:1:      sevenhm_arrival_forest_fort_small_6, layout_basic
D:2:      layout_rooms, lemuel_round_altar, first_ration,
          ebering_dispersal_statue_hall, uniq_natasha
D:3:      layout_loops_cross, zin_statuary, serial_glass, glass_columns_a,
          glass_columns_a
D:4:      layout_loops_ring, lemuel_round_altar,
          lemuel_zombie_altar_yredelemnul, kennysheep_mini, serial_shops, shop,
          ebering_ghost_inner_flame, chequers_serial_rivers_large_a,
          chequers_serial_rivers_micro_c, elyvilon_altar_1
D:5:      layout_loops_ring, minmay_temple_entry_butterflies, serial_glass,
          glass_columns_a, glass_columns_a, minmay_strange_pillars,
          item_on_display_a, due_unseen_surprise, trog_hazing_becter,
          uniq_blork_the_orc
D:6:      layout_cave_pools, serial_shops, nicolae_shop_stone,
          nicolae_tso_swordbearing_angel
D:7:      layout_basic, lemuel_round_altar,
          chequers_temple_overflow_statue_of_worship, basic_altar
D:8:      layout_gridville
D:9:      minmay_the_grid_4x2 [minmay_the_grid_odd_star,
          minmay_the_grid_dragon_a, minmay_the_grid_minigrid_large,
          minmay_the_grid_mess, minmay_the_grid_small_cups,
          minmay_the_grid_slots, minmay_the_grid_x,
          minmay_the_grid_prize_trominoes], layout_rooms, marbit_many_paths,
          dancing_weapons_uskayaw, old_standard_altar, uniq_erolcha
D:10:     layout_rooms, minmay_orc_entry_temple_small, serial_shops, shop,
          shop_statue
Abyss:1:  base:
D:7

Skill      XL: |  1  2  3  4  5  6  7  8  9 10 |
---------------+-------------------------------+-----
Axes           | 3 4 5 6 8 9 |  9.7
Armour         | 2 3 4 5 6 |  6.2
Fighting       | 4 5 6 8 9 10 | 10.0
Dodging        | |  1.7
Stealth        | |  0.1

Action                   |  1- 3 |  4- 6 |  7- 9 | 10-12 || total
-------------------------+-------+-------+-------+-------++-------
Melee: Hand axe          |    89 |   206 |   478 |    73 ||   846
       Kick              |     5 |       |       |       ||     5
Throw: Dart              |       |    11 |   127 |       ||   138
Invok: Trog's Hand       |       |     4 |     8 |     3 ||    15
       Berserk           |       |     1 |     8 |     3 ||    12
  Use: Scroll            |     6 |     2 |     7 |       ||    15
 Stab: Sleeping          |       |     1 |     1 |       ||     2
  Eat: Chunk             |       |     5 |    21 |     4 ||    30
       Ration            |       |     1 |     4 |     1 ||     6
Armor: Animal skin       |    18 |     3 |       |       ||    21
       Scale mail        |       |    71 |   196 |    27 ||   294
Dodge: Dodged            |    64 |   103 |   210 |    38 ||   415
